 Dungeon Crawl Stone Soup version 0.28.0-45-g0d030f2227 (webtiles) character file.

Game seed: 1162351310215753216

87 psko the Grave Robber (level 4, -12/24 HPs)
             Began as a Deep Elf Necromancer on Apr 2, 2022.
             Mangled by an ogre
             ... wielding a +0 giant spiked club
              (26 damage)
             ... on level 3 of the Dungeon.
             The game lasted 00:25:58 (3208 turns).

psko the Grave Robber (Deep Elf Necromancer)        Turns: 3208, Time: 00:26:02

Health: -12/24     AC:  2    Str:  5    XL:     4   Next: 28%
Magic:  7/12       EV: 13    Int: 22    God:
Gold:   67         SH:  0    Dex: 15    Spells: 11/12 levels left

rFire   . . .      SeeInvis .   x - +0 falchion
rCold   + . .      Faith    .   (no shield)
rNeg    . . .      Spirit   .   a - +0 robe
rPois   .          Reflect  .   (no helmet)
rElec   .          Harm     .   (no cloak)
rCorr   .          Rampage  .   (no gloves)
Will    .....                   (no boots)
Stlth   ++........              (no amulet)
HPRegen 0.08/turn               w - ring of wizardry
MPRegen 0.13/turn               B - ring of protection from cold

@: no status effects
A: no striking features
a: no special abilities


You were on level 3 of the Dungeon.
You visited 1 branch of the dungeon, and saw 3 of its levels.

You collected 67 gold pieces.

Inventory:

Hand Weapons
 c - a +0 dagger
 d - a +0 short sword
 g - a +0 hunting sling
 h - a +0 dagger
 k - a +0 club
 m - a +0 short sword
 s - a +0 dagger
 u - a +0 club
 x - a +0 falchion (weapon)
 y - a +0 dagger
 A - a +0 dagger
Missiles
 b - 47 stones
 j - 15 sling bullets
 l - 3 poisoned darts
 o - 12 arrows
 q - 20 bolts
Armour
 a - a +0 robe (worn)
 z - a +0 chain mail
Jewellery
 w - a ring of wizardry (left hand)
 B - a ring of protection from cold (right hand)
Scrolls
 e - a scroll of magic mapping {unknown}
 f - a scroll of enchant armour {unknown}
 n - a scroll of identify {unknown}
 r - a scroll of teleportation {unknown}
 t - a scroll of amnesia {unknown}
Potions
 i - a potion of resistance {unknown}
 p - a potion of mutation {unknown}
 v - a potion of flight {unknown}


   Skills:
 + Level 2.7 Dodging
 + Level 2.7 Stealth
 + Level 4.7 Spellcasting
 + Level 5.9 Necromancy


You had 11 spell levels left.
You knew the following spells:

 Your Spells              Type           Power      Damage    Failure   Level
a - Pain                  Necr           100%       1d9       1%          1

Your spell library contained the following spells:

 Spells                   Type           Power      Damage    Failure   Level
 Animate Skeleton         Necr           62%        N/A       1%          1
 Vampiric Draining        Necr           31%        2d8       1%          3
 Animate Dead             Necr           15%        N/A       3%          4
 Agony                    Necr           31%        N/A       11%         5


Dungeon Overview and Level Annotations

Branches:
Dungeon (3/15)

Altars:


Message History

Press: ? - help, Shift-Dir - straight line, f - ogre
Aim: an ogre, wielding a +0 giant spiked club (chance to affect: 83%)
The ogre writhes in agony.
Casting: Pain (safe; 1% risk of failure)
Confirm with . or Enter, or press ? or * to list all spells.
Aiming: Pain (safe; 1% risk of failure)
Press: ? - help, Shift-Dir - straight line, f/p - ogre
Aim: an ogre, wielding a +0 giant spiked club (lightly wounded, chance to affect: 83%)
The ogre writhes in agony!
Casting: Pain (safe; 1% risk of failure)
Confirm with . or Enter, or press ? or * to list all spells.
Aiming: Pain (safe; 1% risk of failure)
Press: ? - help, Shift-Dir - straight line, f/p - ogre
Aim: an ogre, wielding a +0 giant spiked club (moderately wounded, chance to affect: 83%)
The ogre writhes in agony.
A hound comes into view.
An endoplasm comes into view.
Casting: Pain (safe; 1% risk of failure)
Confirm with . or Enter, or press ? or * to list all spells.
Aiming: Pain (safe; 1% risk of failure)
Press: ? - help, Shift-Dir - straight line, f/p - ogre
Aim: an ogre, wielding a +0 giant spiked club (heavily wounded, chance to affect: 83%)
The ogre barely resists.
The endoplasm quivers.
The hound barks!
There is an escape hatch in the floor here.
Casting: Pain (safe; 1% risk of failure)
Confirm with . or Enter, or press ? or * to list all spells.
Aiming: Pain (safe; 1% risk of failure)
Press: ? - help, Shift-Dir - straight line, f/p - ogre
Aim: an ogre, wielding a +0 giant spiked club (heavily wounded, chance to affect: 83%)
The ogre writhes in agony!
The ogre closely misses you. The hound misses you.
Casting: Pain (safe; 1% risk of failure)
Confirm with . or Enter, or press ? or * to list all spells.
Aiming: Pain (safe; 1% risk of failure)
Press: ? - help, Shift-Dir - straight line, f/p - ogre
Aim: an ogre, wielding a +0 giant spiked club (severely wounded, chance to affect: 83%)
The ogre writhes in agony.
The hound bites you.
The ogre hits you with a +0 giant spiked club!!
Ouch! That really hurt!
You die...

#...........###.......#
......................#
.....### #..........# ..#
####....####.##
#............#
#..........J.#
##'##.........#
##8.8##...Oh...#
##.....##..@....######
##8.....8##...........#
##.........##..........#
###8.........8#..........#
##.'...........'..........#
...#8.........8#..........#
.####.........##........###
.#
##8.....8##.........#######
.#
##.....##..###.....†.....#


You could see an ogre, a hound and an endoplasm.

Vanquished Creatures
  3 adders
  A worm (D:2)
  3 dart slugs
  An orc (D:3)
  7 ball pythons
  3 bats
  3 endoplasms
  A giant cockroach (D:3)
  4 goblins
  4 hobgoblins
  6 jackals
  2 kobolds
  2 quokkas (D:2)
  3 frilled lizards
  2 rats
45 creatures vanquished.

Notes
Turn   | Place    | Note
-------+----------+-------------------------------------------
     0 | D:1      | psko the Deep Elf Necromancer began the quest for the Orb.
     0 | D:1      | Reached XP level 1. HP: 10/10 MP: 6/6
    43 | D:1      | Reached skill level 5 in Necromancy
   416 | D:1      | Reached XP level 2. HP: 14/15 MP: 6/8
  1410 | D:2      | Reached XP level 3. HP: 17/19 MP: 7/10
  2367 | D:2      | Reached XP level 4. HP: 18/24 MP: 8/12
  2946 | D:3      | Found a faded altar of an unknown god.
  3120 | D:3      | Noticed an ogre
  3208 | D:3      | Mangled by an ogre

Illustrated notes

Levels and vault maps discovered:
D:1:      dpeg_arrival_arbitrary_a, layout_basic
D:2:      layout_basic, lightli_corner_chamber
D:3:      layout_basic, ebering_ecumenical_altar_box, dk_noncrumbling_4,
          kennysheep_pointless_box, uniq_natasha

Skill      XL: |  1  2 |
---------------+-------+-----
Necromancy     | 5 |  5.9
Spellcasting   | 4 |  4.7
Dodging        | |  2.7
Stealth        | |  2.7

Action                   |  1- 3 |  4- 6 || total
-------------------------+-------+-------++-------
Melee: Unarmed           |     9 |       ||     9
       Dagger            |     1 |       ||     1
 Cast: Pain              |    61 |    18 ||    79
Armor: Robe              |     5 |       ||     5
Dodge: Dodged            |    16 |     3 ||    19
